 Dungeon Crawl Stone Soup version 0.28-a0-925-gd5e1996cdb (webtiles) character file.

Game seed: 8369046891409124116

724 opjop the Vexing (level 7, -2/32 HPs)
             Began as a Spriggan Enchanter on Nov 26, 2021.
             Slain by a phantom (8 damage)
             ... on level 4 of the Dungeon.
             The game lasted 00:16:08 (5239 turns).

opjop the Vexing (Spriggan Enchanter)               Turns: 5239, Time: 00:16:09

Health: -2/32      AC:  2    Str:  6      XL:     7   Next: 43%
Magic:  5/18       EV: 17    Int: 16      God:
Gold:   151        SH:  0    Dex: 15 (16) Spells: 11/19 levels left

rFire   . . .      SeeInvis +   g - +1 short sword (holy)
rCold   . . .      Faith    .   (shield restricted)
rNeg    . . .      Spirit   .   b - +0 robe
rPois   .          Reflect  .   (helmet restricted)
rElec   .          Harm     .   (no cloak)
rCorr   .          Rampage  .   (gloves unavailable)
Will    +....                   (boots unavailable)
Stlth   ++++......              (no amulet)
HPRegen 0.10/turn               (no ring)
MPRegen 0.16/turn               (no ring)

@: mighty, very quick
A: very small, no large weapons, unfitting armour, see invisible, speed 3,
deterioration 1
a: no special abilities


You were on level 4 of the Dungeon.
You visited 1 branch of the dungeon, and saw 4 of its levels.
You also visited: Sewer.

You collected 151 gold pieces.

Inventory:

Hand Weapons
 a - a +2 dagger
 c - a +0 dagger of freezing
 g - a +1 short sword of holy wrath (weapon)
 h - a +0 dagger of draining
Missiles
 d - 11 poisoned darts (quivered)
 i - 2 curare-tipped darts
Armour
 b - a +0 robe (worn)
Scrolls
 f - a scroll of summoning
Potions
 e - a potion of invisibility
 l - a potion of brilliance


   Skills:
 - Level 1.1 Short Blades
 - Level 2.6 Dodging
 + Level 7.2 Stealth
 + Level 6.8 Spellcasting
 + Level 7.2 Hexes


You had 11 spell levels left.
You knew the following spells:

 Your Spells              Type           Power      Damage    Failure   Level
a - Ensorcelled Hibernat  Hex/Ice        34%        N/A       4%          2
b - Tukima's Dance        Hex            28%        N/A       1%          3
c - Dazzling Flash        Conj/Hex       34%        N/A       9%          3

Your spell library contained the following spells:

 Spells                   Type           Power      Damage    Failure   Level
 Confusing Touch          Hex            28%        N/A       1%          3
 Apportation              Tloc           10%        N/A       13%         1
 Blink                    Tloc           10%        N/A       19%         2
 Lesser Beckoning         Tloc           5%         N/A       36%         3
 Alistair's Intoxication  Tmut/Pois      3%         N/A       98%         5
 Manifold Assault         Tloc           5%         N/A       98%         5


Dungeon Overview and Level Annotations

Branches:
Dungeon (4/15)              Sewer (visited)
 Temple: D:4-7

Altars:
Ru
Yredelemnul


Innate Abilities, Weirdness & Mutations

You are very small and have problems with some larger weapons.
You are too small for most types of armour.
You have supernaturally acute eyesight. (SInv)
You cover ground extremely quickly. (Speed+++)
Your body sometimes deteriorates upon taking damage.


Message History

Unknown command.
Your +1 short sword of holy wrath softly glows with a divine radiance!
g - a +1 short sword of holy wrath (weapon)
Unknown command.
Unknown command.
You miss the phantom.
You feel sick. The phantom completely misses you.
You hit the phantom.
The phantom convulses.
The phantom is lightly damaged.
You feel sick. The phantom hits you.
The phantom blinks!
You blink.
You are too injured to fight recklessly!
You are too injured to fight recklessly!
You are too injured to fight recklessly!
You are too injured to fight recklessly!
It was a potion of might.
You feel very mighty all of a sudden.
You feel sick. The phantom hits you.
* * * LOW HITPOINT WARNING * * *
The phantom blinks!
You blink.
Unknown command.
Unknown command.
It was a potion of curing.
You feel better. The phantom hits you.
The phantom blinks!
You blink.
Found an escape hatch in the floor.
Your magical contamination has completely faded away.
You puncture the phantom!
The phantom convulses.
The phantom is moderately damaged.
The phantom hits you.
* * * LOW HITPOINT WARNING * * *
Your body deteriorates!
You feel clumsy. The phantom closely misses you.
Unknown command.
You barely miss the phantom.
The phantom is moderately damaged.
The phantom hits you.
* * * LOW HITPOINT WARNING * * *
The phantom blinks!
You blink.
Unknown command.
You hit the phantom.
The phantom convulses!
The phantom is severely damaged.
The phantom hits you!
You die...

#.......##
##......# #..
####.....#
###....# ##.
##....# ##...# ##
##...## ##..# #
#....# ..... #
#....## #......
##....###..... #
### ##)).W#.....#
#.
#..>####.))..@...#
#..
#....§...†...####
... #...........##
## ##...........
##.......#..#
####...###.. #####
##


You could see a phantom.

Vanquished Creatures
  A wyvern (D:4)
  2 kobold brigands (Sewer)
  A bullfrog (D:4)
  A hound (D:3)
  Natasha (D:1)
  An orc wizard (D:4)
  A river rat (Sewer)
  10 adders
  2 gnolls (D:2)
  An ufetubus (D:4)
  An adder skeleton (D:2)
  2 worms (Sewer)
  A dart slug (D:1)
  An orc (D:4)
  11 ball pythons
  6 endoplasms
  2 giant cockroaches
  10 goblins
  6 hobgoblins
  8 quokkas
  5 bats
  3 frilled lizards
  13 kobolds
  7 rats
97 creatures vanquished.

Vanquished Creatures (collateral kills)
  A kobold brigand (Sewer)
  An adder (D:3)
  An orc (D:4)
  2 giant cockroaches (D:3)
  2 kobolds
  A rat (D:3)
8 creatures vanquished.

Vanquished Creatures (others)
  70 plants (D:2)
70 creatures vanquished.

Grand Total: 175 creatures vanquished

Notes
Turn   | Place    | Note
-------+----------+-------------------------------------------
     0 | D:1      | opjop the Spriggan Enchanter began the quest for the Orb.
     0 | D:1      | Reached XP level 1. HP: 9/9 MP: 5/5
   273 | D:3      | Noticed a hound
   280 | D:3      | Killed a hound
   281 | D:3      | Reached XP level 2. HP: 13/13 MP: 5/7
   281 | D:3      | Reached XP level 3. HP: 16/16 MP: 6/9
   284 | D:3      | Learned a level 2 spell: Ensorcelled Hibernation
   288 | D:3      | Learned a level 3 spell: Tukima's Dance
   292 | D:3      | Learned a level 3 spell: Dazzling Flash
   782 | D:3      | Found a glowing drain.
   820 | Sewer    | Entered a sewer
  1113 | Sewer    | Reached skill level 5 in Hexes
  1113 | Sewer    | Reached XP level 4. HP: 19/21 MP: 1/11
  1283 | Sewer    | Noticed a kobold brigand
  1347 | Sewer    | Noticed a kobold brigand
  1370 | Sewer    | Killed a kobold brigand
  1371 | Sewer    | Reached skill level 5 in Spellcasting
  1371 | Sewer    | Reached XP level 5. HP: 7/24 MP: 5/13
  1564 | Sewer    | Reached skill level 5 in Stealth
  1742 | Sewer    | Reached XP level 6. HP: 4/28 MP: 9/15
  1750 | Sewer    | HP: 1/28 [kobold (3)]
  2977 | D:2      | Found a basalt altar of Yredelemnul.
  3177 | D:2      | Noticed Natasha
  4019 | D:1      | Killed Natasha
  4231 | D:2      | Gained mutation: Your body sometimes deteriorates upon
                  | taking damage. [potion of mutation]
  4833 | D:4      | Noticed a wyvern
  4844 | D:4      | Killed a wyvern
  4845 | D:4      | Reached XP level 7. HP: 32/32 MP: 12/17
  5062 | D:4      | Found a sacrificial altar of Ru.
  5239 | D:4      | Slain by a phantom

Illustrated notes

Levels and vault maps discovered:
D:1:      lemuel_arrival_behind_the_door_small, layout_basic, minmay_tripent
D:2:      wad_woods_stonehenge, layout_basic, serial_bayou_pond_e, uniq_natasha
D:3:      layout_basic, gup_sewer_entry_glass
D:4:      layout_layer_cave, mainiacjoe_overflow_small_starburst,
          hangedman_ru_absence

Skill      XL: |  1  2  3  4  5  6  7 |
---------------+----------------------+-----
Spellcasting   | 3 4 5 6 |  6.8
Hexes          | 4 5 6 7 |  7.2
Stealth        | 5 6 7 |  7.2
Short Blades   | |  1.1
Dodging        | |  2.6

Action                   |  1- 3 |  4- 6 |  7- 9 || total
-------------------------+-------+-------+-------++-------
Melee: Dagger            |    41 |   197 |    24 ||   262
       Short sword       |       |       |     5 ||     5
Throw: Dart              |       |     5 |       ||     5
 Cast: Ensorcelled Hiber |     8 |    45 |     7 ||    60
       Tukima's Dance    |       |     3 |     3 ||     6
  Use: Scroll            |     4 |     7 |       ||    11
       Potion            |     4 |     5 |     2 ||    11
 Stab: Sleeping          |    12 |    40 |     6 ||    58
       Invisible         |     1 |       |       ||     1
       Distracted        |       |     1 |       ||     1
Armor: Robe              |     9 |    17 |     2 ||    28
       Skin              |       |     6 |       ||     6
Dodge: Dodged            |    43 |   151 |    44 ||   238

Table legend: (Time is in decaauts)
 A = Elapsed time spent in this place.
 B = Non-inter-level travel time spent in this place.
 C = Inter-level travel time spent in this place.
 D = Time resting spent in this place.
 E = Time spent auto-exploring this place.
 F = Levels seen in this place.
 G = Mean time per level.
                   A        B        C        D        E       F      G
               +--------+--------+--------+--------+--------+-----+--------+
         Total |   4298 |   4237 |     61 |   1091 |   2300 |   5 |  859.6 |
       Dungeon |   3081 |   3020 |     61 |    468 |   1939 |   4 |  770.2 |
         Sewer |   1216 |   1216 |      0 |    623 |    360 |   1 | 1216.0 |
               +--------+--------+--------+--------+--------+-----+--------+

Top non-repeatable levels by time:
   Sewer: 1216 daAuts
     D:3: 1120 daAuts
     D:1: 870 daAuts
     D:2: 749 daAuts
     D:4: 340 daAuts
